Construct Section Command Post
Selects Heavy Armor Battlegroup
Construct Platoon Command Post
Selects Engineer Detachments
Construct Field Infirmary
Selects Crusader AA Medium Tank
6-pounder Anti-tank Gun Team
6-pounder Anti-tank Gun Team
Construct Company Command Post
Selects Light Vehicle Withdraw and Refit